 Dungeon Crawl Stone Soup version 0.21-a0-331-gfb491b4 (webtiles) character file.

774 vishdafish the Poker (level 7, 0/52 HPs)
             Began as a Demonspawn Fire Elementalist on Oct 2, 2017.
             Was an Initiate of Qazlal.
             Killed by divine providence
             ... invoked by an orc priest
              (13 damage)
             ... on level 5 of the Dungeon.
             The game lasted 00:12:57 (4099 turns).

vishdafish the Poker (Demonspawn Fire Elementalist) Turns: 4099, Time: 00:12:58

Health: 0/52       AC:  3    Str:  8    XL:     7   Next: 53%
Magic:  6/11       EV: 12    Int: 19    God:    Qazlal [......]
Gold:   251        SH:  0    Dex: 13    Spells: 9/12 levels left

rFire    + . .     SeeInvis .   u - +2 quarterstaff (chaos)
rCold    . . .     Gourm    .   (shield currently unavailable)
rNeg     . . .     Faith    .   a - +0 robe
rPois    .         Spirit   .   (helmet restricted)
rElec    .         Reflect  .   t - +0 cloak
rCorr    .         Harm     .   (no gloves)
MR       .....                  (no boots)
Stlth    ++........             (no amulet)
HPRegen  0.17/turn              (no ring)
MPRegen  0.12/turn              (no ring)

@: no status effects
A: horns 1, fire resistance 1, spiny 2, flame cloud immunity
a: Renounce Religion


You were on level 5 of the Dungeon.
You worshipped Qazlal.
Qazlal was noncommittal.
You were not hungry.

You visited 1 branch of the dungeon, and saw 5 of its levels.

You collected 251 gold pieces.

Inventory:

Hand Weapons
 f - a +0 short sword
 j - a +0 spear
 u - a +2 quarterstaff of chaos (weapon)
 B - the +6 long sword "Operiont" {antimagic, Int+4}
   (You found it on level 5 of the Dungeon)

   It reduces the magical energy of the wielder, and disrupts the spells and
   magical abilities of those hit.
   Natural abilities and divine invocations are not affected.
   It affects your intelligence (+4).
Armour
 a - a +0 robe (worn)
 m - a +0 helmet
 r - a +0 shield
 t - a +0 cloak (worn)
Magical Staves
 C - an uncursed staff of wizardry
Wands
 p - a wand of random effects (33/48)
Scrolls
 e - 5 scrolls of teleportation {unknown}
 g - 11 scrolls of identify {unknown}
 h - a scroll of recharging {unknown}
 i - 3 scrolls of enchant armour {unknown}
 o - 2 scrolls of remove curse {unknown}
 v - a scroll of magic mapping {unknown}
 w - a scroll of enchant weapon {unknown}
 y - a scroll of amnesia {unknown}
Potions
 n - a potion of heal wounds
 q - a potion of curing {unknown}
 s - a potion of might {unknown}
 z - 2 potions of haste {unknown}
 D - a potion of agility
 E - a potion of magic {unknown}
 F - a potion of flight {unknown}
Books
 b - a book of Flames

   Spells                             Type                      Level
   a - Flame Tongue                   Conjuration/Fire             1
   b - Throw Flame                    Conjuration/Fire             2
   c - Conjure Flame                  Conjuration/Fire             3
   d - Inner Flame                    Hexes/Fire                   3
   e - Sticky Flame                   Conjuration/Fire             4
   f - Fireball                       Conjuration/Fire             5
 x - a book of Geomancy

   Spells                             Type                      Level
   a - Sandblast                      Earth                        1
   b - Passwall                       Transmutation/Earth          2
   c - Stone Arrow                    Conjuration/Earth            3
   d - Petrify                        Transmutation/Earth          4
   e - Lee's Rapid Deconstruction     Earth                        5
 A - a book of Minor Magic

   Spells                             Type                      Level
   a - Magic Dart                     Conjuration                  1
   b - Blink                          Translocation                2
   c - Call Imp                       Summoning                    2
   d - Slow                           Hexes                        2
   e - Conjure Flame                  Conjuration/Fire             3
   f - Mephitic Cloud                 Conjuration/Poison/Air       3
Comestibles
 c - 3 bread rations
 d - 4 royal jellies
 k - 4 fruits
 l - 4 meat rations


   Skills:
 + Level 3.4 Fighting
 * Level 4.4 Polearms
 - Level 2.1 Dodging
 - Level 1.8 Stealth
 - Level 3.0 Spellcasting
 - Level 4.0 Conjurations
 - Level 3.0 Fire Magic
 * Level 2.2 Invocations


You had 9 spell levels left.
You knew the following spells:

 Your Spells              Type           Power        Failure   Level  Hunger
a - Flame Tongue          Conj/Fire      ###..        3%          1    None
b - Throw Flame           Conj/Fire      ###...       5%          2    ##.....


Dungeon Overview and Level Annotations

Branches:
Dungeon (5/15)
 Temple: D:4-7

Altars:
Ashenzari
Cheibriados
Dithmenos
Hepliaklqana
Qazlal
Wu Jian
Xom

Annotations:
D:3 Sigmund


Innate Abilities, Weirdness & Mutations

You have a pair of small horns on your head.
Your flesh is heat resistant. (rF+)
You are mostly covered in sharp spines.
You are immune to clouds of flame.


Message History

Beogh smites you! Something hits you but does no damage.
An orc comes into view. It is wielding a hand axe.
The orc shouts!
The orc priest invokes the aid of Beogh against you.
Beogh smites you!
* * * LOW HITPOINT WARNING * * *
You feel much better.
The orc priest calls down the wrath of Beogh upon you.
Beogh smites you!
An orc comes into view. It is wielding a hand axe.
The phantom blinks!
Qazlal accepts your kill.
Reactivating autopickup.
You feel a bit more experienced.
The orc priest invokes the aid of Beogh against you.
Beogh smites you!
* * * LOW HITPOINT WARNING * * *
The orc priest mumbles some strange prayers to Beogh against you.
Beogh smites you!
You die...

..............................#
#####.)....o..)...............#
#........o...####(........#
#............# ####......#
#............#######......#
#.........................#
#............#######......#
#####............# #......#
.......#.....#'#@# #......#
.......#.....#...# ########
.......#.....##..#
.......#.....##.>#
.............#####
.).....#.....# ##.....#.....#
'......#.....# #..##'##.....#


You could see an orc priest and an orc.

Vanquished Creatures
  3 ogres
  Crazy Yiuf (D:2)
  A bullfrog skeleton (D:5)
  An orc priest (D:3)
  3 orc wizards
  Jessica (D:2)
  Terence (D:2)
  3 worker ants
  A hound skeleton (D:5)
  A howler monkey zombie (D:5)
  9 adders
  2 shadow imps (D:5)
  An ooze (D:4)
  2 worms (D:2)
  4 dart slugs
  A leopard gecko (D:1)
  6 orcs
  A ball python (D:3)
  3 giant cockroaches
  5 goblins
  4 hobgoblins
  3 jackals (D:2)
  2 quokkas
  5 bats
  2 frilled lizards
  5 kobolds
  A quokka zombie (D:5)
  10 rats
82 creatures vanquished.

Vanquished Creatures (others)
  A scorpion (D:5)
1 creature vanquished.

Grand Total: 83 creatures vanquished

Notes
Turn   | Place    | Note
-------+----------+-------------------------------------------
     0 | D:1      | vishdafish the Demonspawn Fire Elementalist began the quest for the Orb.
     0 | D:1      | Reached XP level 1. HP: 13/13 MP: 3/3
   342 | D:1      | Gained mutation: Your flesh is heat resistant. (rF+) [demonic ancestry]
   342 | D:1      | Reached XP level 2. HP: 16/20 MP: 0/5
  1198 | D:2      | Reached XP level 3. HP: 24/25 MP: 2/6
  1211 | D:2      | Noticed Terence
  1223 | D:2      | Reached skill level 1 in Fighting
  1505 | D:2      | Reached skill level 1 in Polearms
  1607 | D:2      | Noticed Jessica
  1613 | D:2      | Killed Jessica
  1613 | D:2      | Gained mutation: You are immune to clouds of flame. [demonic ancestry]
  1613 | D:2      | Reached XP level 4. HP: 14/32 MP: 1/7
  1894 | D:2      | Killed Terence
  2280 | D:2      | Gained mutation: You are partially covered in sharp spines. [demonic ancestry]
  2280 | D:2      | Reached XP level 5. HP: 35/38 MP: 3/8
  2487 | D:2      | Found a runed door.
  2505 | D:2      | Noticed Crazy Yiuf
  2515 | D:2      | Killed Crazy Yiuf
  2945 | D:3      | Noticed Sigmund
  3091 | D:4      | Found a stormy altar of Qazlal.
  3103 | D:4      | Noticed an ogre
  3109 | D:4      | Became a worshipper of Qazlal Stormbringer
  3153 | D:4      | Gained mutation: You are mostly covered in sharp spines. [demonic ancestry]
  3153 | D:4      | Reached XP level 6. HP: 44/44 MP: 5/9
  3365 | D:4      | Learned a level 2 spell: Throw Flame
  3463 | D:4      | Gained mutation: You have a pair of small horns on your head. [demonic ancestry]
  3463 | D:4      | Reached XP level 7. HP: 36/51 MP: 4/11
  3765 | D:5      | Entered Level 5 of the Dungeon
  3806 | D:5      | Found a snail-covered altar of Cheibriados.
  3806 | D:5      | Found a shattered altar of Ashenzari.
  3807 | D:5      | Found an ornate altar of the Wu Jian Council.
  3848 | D:5      | Got a scorched long sword
  3849 | D:5      | Identified the +6 long sword "Operiont" {antimagic, Int+4} (You found it on level 5 of the Dungeon)
  3924 | D:5      | Reached skill level 1 in Invocations
  3936 | D:5      | Found a shadowy altar of Dithmenos.
  4012 | D:5      | Found a shimmering altar of Xom.
  4013 | D:5      | Found a hazy altar of Hepliaklqana.
  4013 | D:5      | Noticed a hell beast
  4014 | D:5      | Noticed a spectral ugly thing
  4014 | D:5      | Noticed a hell beast
  4099 | D:5      | Killed from afar by an orc priest

Vault maps used:
D:1:      kilobyte_arrival_exit_the_forest, minmay_pentomino_v2
D:2:      hangedman_decor_diamond_cutter, uniq_crazy_yiuf_cottage, uniq_terence,
          uniq_jessica
D:3:      uniq_sigmund
D:4:      grunt_qazlal_sundering
D:5:      regret_index_temple_of_mockery, grunt_dithmenos_smoke_and_mirrors,
          grunt_temple_overflow_open, first_bread, minmay_statues_item,
          minmay_misc_feat_alley

Skill      XL: |  1  2  3  4  5  6  7 |
---------------+----------------------+-----
Fire Magic     | 3 |  3.0
Dodging        | 2 |  2.1
Fighting       | 1 2 3 |  3.4
Polearms       | 1 2 3 4 |  4.4
Conjurations   | 2 3 4 |  4.0
Spellcasting   | 3 |  3.0
Invocations    | 2 |  2.2
Stealth        | |  1.8

Action                   |  1- 3 |  4- 6 |  7- 9 || total
-------------------------+-------+-------+-------++-------
Melee: Unarmed           |    21 |       |       ||    21
       Spear             |    30 |    34 |       ||    64
       Short sword       |     6 |       |       ||     6
       Quarterstaff      |       |    30 |    16 ||    46
       Headbutt          |       |       |     1 ||     1
 Cast: Flame Tongue      |    38 |    67 |       ||   105
       Throw Flame       |       |     6 |    18 ||    24
  Use: Potion            |       |     1 |     1 ||     2
 Stab: Sleeping          |       |     2 |       ||     2
       Paralysed         |       |     1 |       ||     1
  Eat: Chunk             |     2 |     3 |       ||     5
       Bread ration      |       |     1 |     1 ||     2
Armor: Robe              |    15 |    18 |     5 ||    38
Dodge: Dodged            |    44 |    39 |    11 ||    94

Table legend:
 A = Spawn XP
 B = Non-spawn XP
 C = Spawn XP percentage of total XP
 D = Spawn monster count
 E = Non-spawn monster count
 F = Spawn count percentage of total count
 G = Total turns spent on level
                    A         B        C        D         E        F      G
               +---------+---------+-------+---------+---------+-------+---------
         Total |       0 |    1107 |   0.0 |       0 |      83 |   0.0 |  4099
               +---------+---------+-------+---------+---------+-------+---------
           D:1 |       0 |      34 |   0.0 |       0 |      17 |   0.0 |  1178
           D:2 |       0 |     223 |   0.0 |       0 |      27 |   0.0 |  1554
           D:3 |       0 |      95 |   0.0 |       0 |      16 |   0.0 |   336
           D:4 |       0 |     428 |   0.0 |       0 |      13 |   0.0 |   697
           D:5 |       0 |     327 |   0.0 |       0 |      10 |   0.0 |   334
               +---------+---------+-------+---------+---------+-------+---------
